[Event "Titled Tuesday Blitz July 11 Early 2023"]
[White "Kleiman, Jake"]
[Black "Lana Rodriguez, David"]
[WhiteFideId "2020041"]
[BlackFideId "2270803"]
[WhiteElo "2499"]
[BlackElo "2597"]
[Result "1-0"]
[Round "8"]
[TimeControl "180+2"]
[Date "2023.07.11"]
[WhiteClock "0:00:10"]
[BlackClock "0:00:49"]
[Board "74"]

1. e4 e6 2. d3 d5 3. Qe2 Nc6 4. Nf3 Nf6 5. g3 dxe4 6. dxe4 e5 7. Bg2 Bc5 8. O-O O-O 9. c3 Qe7 10. b4 Bb6 11. a4 a5 12. b5 Nb8 13. Nbd2 Be6 14. Nxe5 Qc5 15. Nec4 Rd8 16. Ba3 Qg5 17. Nf3 Qh5 18. Nxb6 cxb6 19. Be7 Rc8 20. Bxf6 gxf6 21. Qe3 Nd7 22. Nd4 Nc5 23. f4 Re8 24. Rfe1 Bh3 25. Bxh3 Qxh3 26. Qf3 Rad8 27. Re2 f5 28. e5 Rd7 29. Rae1 Red8 30. Qg2 Qg4 31. h3 Qh5 32. g4 fxg4 33. hxg4 Qh6 34. Qf3 Rxd4 35. cxd4 Rxd4 36. Rf1 Qe6 37. f5 Qc4 38. Rg2 Rd3 39. Qf2 Ne4 40. Qf4 Qd4+ 41. Kh2 Re3 42. e6 fxe6 43. fxe6 Qd6 44. Qxd6 Nxd6 45. Rf6 Kg7 46. Rgf2 Re4 47. Kg3 Rxa4 48. Kh4 Rb4 49. Rf8 Re4 50. R8f6 Re5 51. g5 Re4+ 52. Kh3 Re5 53. Kg4 Re4+ 54. Kh5 Re5 55. Rc2 Nxb5 56. Rf7+ Kg8 57. Rc8# 1-0


[Site "https://www.chess.com"]

[Event "Titled Tuesday Blitz July 11 Early 2023"]
[White "AlivodicDario"]
[Black "Mogirzan, Matei-Valeriu"]
[BlackFideId "1257455"]
[WhiteElo "2498"]
[BlackElo "2596"]
[Result "1-0"]
[Round "8"]
[TimeControl "180+2"]
[Date "2023.07.11"]
[WhiteClock "0:00:21"]
[BlackClock "0:00:00"]
[Board "75"]

1. d4 Nf6 2. c4 e6 3. Nc3 Bb4 4. f3 c5 5. a3 cxd4 6. axb4 dxc3 7. bxc3 d5 8. cxd5 exd5 9. Bg5 Nc6 10. h4 Qc7 11. Bxf6 Qg3+ 12. Kd2 Qf4+ 13. Kc2 Bf5+ 14. e4 dxe4 15. Bg5 Nxb4+ 16. cxb4 Rc8+ 17. Kb3 Be6+ 18. Ka4 Qe5 19. Bb5+ Kf8 20. Rc1 Ra8 21. f4 Qb2 22. Qc2 Bb3+ 23. Qxb3 Qxc1 24. f5 Qa1+ 25. Qa3 Qd1+ 26. Qb3 Qd6 27. Be3 a5 28. Bc5 axb4+ 29. Kxb4 1-0


[Site "https://www.chess.com"]

[Event "Titled Tuesday Blitz July 11 Early 2023"]
[White "Womacka, Mathias"]
[Black "Parpiev, Isaak"]
[WhiteFideId "4611390"]
[BlackFideId "34281576"]
[WhiteElo "2494"]
[BlackElo "2590"]
[Result "1-0"]
[Round "8"]
[TimeControl "180+2"]
[Date "2023.07.11"]
[WhiteClock "0:00:30"]
[BlackClock "0:00:00"]
[Board "76"]

1. e4 b6 2. d4 Bb7 3. Bd3 c5 4. d5 g6 5. c4 Bg7 6. f4 d6 7. Nf3 a6 8. O-O Nf6 9. a4 O-O 10. Nc3 e6 11. e5 dxe5 12. fxe5 Nfd7 13. Bg5 Qe8 14. Ne4 Nxe5 15. Nf6+ Bxf6 16. Bxf6 Nxf3+ 17. Qxf3 Nd7 18. Rae1 Nxf6 19. Qxf6 Qd8 20. dxe6 Qxf6 21. Rxf6 fxe6 22. Rxf8+ Rxf8 23. Rxe6 Rd8 24. Rxb6 Bxg2 25. Bxg6 Bf3 26. Bf5 Rd2 27. a5 Rg2+ 28. Kf1 Rxh2 29. Be6+ Kg7 30. Bd5 Bxd5 31. cxd5 Rd2 32. d6 c4 33. Rxa6 Rxb2 34. Rc6 Rd2 35. a6 c3 36. a7 c2 37. a8=Q Rd1+ 38. Ke2 c1=Q 39. Rxc1 Rxc1 40. d7 1-0


[Site "https://www.chess.com"]

[Event "Titled Tuesday Blitz July 11 Early 2023"]
[White "Szczurek, Krzysztof"]
[Black "Vlassov, Nikolai"]
[WhiteFideId "1185489"]
[BlackFideId "4103360"]
[WhiteElo "2493"]
[BlackElo "2589"]
[Result "1/2-1/2"]
[Round "8"]
[TimeControl "180+2"]
[Date "2023.07.11"]
[WhiteClock "0:00:19"]
[BlackClock "0:00:11"]
[Board "77"]

1. Nf3 c5 2. c3 Nf6 3. d4 b6 4. g3 Bb7 5. Bg2 e6 6. O-O Be7 7. Bf4 O-O 8. Nbd2 cxd4 9. cxd4 Na6 10. Rc1 Rc8 11. Ne5 Bxg2 12. Kxg2 Rxc1 13. Qxc1 Nb4 14. Ndf3 Qa8 15. a3 Rc8 16. Qb1 Nbd5 17. Bd2 d6 18. Nd3 Ne4 19. Rd1 Bf6 20. Be1 Rc7 21. Rc1 Qc8 22. Rxc7 Qxc7 23. Nb4 Nxb4 24. Bxb4 d5 25. Qd1 h5 26. h4 Qc4 27. e3 a5 28. Bc3 Nxc3 29. bxc3 Qxc3 30. Qa4 Kf8 31. Qb5 Qxa3 32. Qxb6 Qb4 33. Qc7 g6 34. Ne5 Bxe5 35. dxe5 a4 36. Qd8+ Kg7 37. Qf6+ Kg8 38. Qd8+ Qf8 39. Qa5 a3 40. Kh2 Qe7 41. Kg2 Kg7 42. Kh2 f6 43. exf6+ Kxf6 44. Qc3+ Kf7 45. Qa5 Qd6 46. Kg2 e5 47. Qa7+ Kf6 48. f3 d4 49. g4 dxe3 50. g5+ Ke6 51. Qxe3 a2 52. Qb3+ Qd5 53. Qb6+ Ke7 54. Qa7+ Kd6 55. Qa6+ Kc7 56. Qa7+ Kc6 57. Qa8+ Kc5 58. Qa5+ Kd4 59. Qd2+ Kc5 60. Qa5+ Kc6 61. Qa8+ Kd6 62. Qd8+ Ke6 63. Qg8+ Kd6 64. Qd8+ Kc5 65. Qa5+ 1/2-1/2


[Site "https://www.chess.com"]

[Event "Titled Tuesday Blitz July 11 Early 2023"]
[White "Andreev, Konstantin"]
[Black "gueraumasague"]
[WhiteFideId "24239305"]
[WhiteElo "2586"]
[BlackElo "2488"]
[Result "0-1"]
[Round "8"]
[TimeControl "180+2"]
[Date "2023.07.11"]
[WhiteClock "0:01:42"]
[BlackClock "0:01:19"]
[Board "78"]

1. e4 g6 2. d4 Bg7 3. Nc3 c6 4. h4 d5 5. e5 h5 6. f4 Nh6 7. Nf3 Bg4 8. Be3 e6 9. Qd2 Nd7 10. O-O-O Bf8 11. Be2 Bxf3 12. Bxf3 b5 13. Ne2 Nb6 14. b3 Ba3+ 15. Kb1 a5 16. Qd3 a4 17. Bc1 Qe7 18. c3 axb3 19. axb3 Bxc1 20. Nxc1 Qa3 21. Qd2 Qa1+ 22. Kc2 Nc4 23. bxc4 bxc4 24. Rde1 Qa4+ 0-1


[Site "https://www.chess.com"]

[Event "Titled Tuesday Blitz July 11 Early 2023"]
[White "Zavgorodniy, Sergiy"]
[Black "Ocelak, Jakub"]
[WhiteFideId "14110148"]
[BlackFideId "23707933"]
[WhiteElo "2586"]
[BlackElo "2481"]
[Result "1-0"]
[Round "8"]
[TimeControl "180+2"]
[Date "2023.07.11"]
[WhiteClock "0:00:21"]
[BlackClock "0:00:08"]
[Board "79"]

1. e4 e5 2. Nf3 Nc6 3. d3 Nf6 4. Be2 d5 5. exd5 Nxd5 6. O-O Be7 7. Re1 O-O 8. c4 Nf6 9. a3 a5 10. Nc3 Re8 11. Nb5 h6 12. h3 Bf5 13. Be3 Qd7 14. d4 exd4 15. Nfxd4 Nxd4 16. Nxd4 Be4 17. Qb3 c6 18. Rad1 Qc7 19. Bd3 Bxd3 20. Rxd3 Bf8 21. Rdd1 Rad8 22. Nf3 Rxd1 23. Rxd1 Rd8 24. Rxd8 Qxd8 25. Bb6 Qa8 26. Qa4 Nd7 27. Qxa5 Qe8 28. Be3 Qe4 29. Qd8 Qd3 30. g3 Kh7 31. Kg2 g5 32. Bd4 Qf5 33. Qe8 Bg7 34. g4 Qe6 35. Qxe6 fxe6 36. Bxg7 Kxg7 37. b4 e5 38. Nd2 Nb6 39. Kf3 Kf6 40. Ke3 Ke6 41. Kd3 Nc8 42. Ne4 b6 43. a4 Na7 44. Ng3 Nc8 45. Nf5 h5 46. Ng7+ Kf7 47. Nxh5 Kg6 48. Ng3 Nd6 49. Ne4 Nb7 50. c5 bxc5 51. Nxc5 Nd6 52. Ne4 Nb7 53. a5 Kf7 54. a6 1-0


[Site "https://www.chess.com"]

[Event "Titled Tuesday Blitz July 11 Early 2023"]
[White "ATM622"]
[Black "arenal72"]
[WhiteElo "2583"]
[BlackElo "2438"]
[Result "0-1"]
[Round "8"]
[TimeControl "180+2"]
[Date "2023.07.11"]
[WhiteClock "0:00:01"]
[BlackClock "0:00:51"]
[Board "80"]

1. d4 Nf6 2. c4 c5 3. d5 g6 4. g3 Bg7 5. Bg2 O-O 6. Nf3 d6 7. O-O e6 8. Nc3 exd5 9. cxd5 Nbd7 10. Nd2 a6 11. a4 Qc7 12. Nc4 Nb6 13. Nxb6 Qxb6 14. a5 Qc7 15. Re1 Re8 16. e4 Bd7 17. h3 b5 18. axb6 Qxb6 19. Qc2 Rab8 20. Bf1 a5 21. f4 a4 22. Nxa4 Bxa4 23. Rxa4 Nxd5 24. Ra6 Nb4 25. Rxb6 Nxc2 26. Rxb8 Rxb8 27. Rd1 Bxb2 28. Bxb2 Rxb2 29. Rxd6 Nd4 30. Bd3 Nf3+ 31. Kf1 c4 32. Be2 Nd2+ 33. Ke1 Nxe4 34. Rd8+ Kg7 35. Bxc4 Rb1+ 36. Ke2 Nxg3+ 37. Kf3 Nf5 38. Bd3 Rb3 39. Kf2 Ne7 40. Rd7 Kf6 41. Rd6+ Kg7 42. Rd7 Rc3 43. Kg2 Ng8 44. Rd8 Nf6 45. h4 Nh5 46. Kf3 f5 47. Ke3 Ra3 48. Rd7+ Kh6 49. Rd8 Ra4 50. Rd7 Rxf4 51. Bc2 Rxh4 52. Bb3 Rh3+ 53. Kd4 Rxb3 54. Ke5 Re3+ 55. Kd4 Re1 56. Kd3 Rd1+ 0-1


[Site "https://www.chess.com"]

[Event "Titled Tuesday Blitz July 11 Early 2023"]
[White "Tologon tegin, Semetei"]
[Black "Estrada Nieto, Julian"]
[WhiteFideId "13800574"]
[BlackFideId "5101018"]
[WhiteElo "2581"]
[BlackElo "2438"]
[Result "1/2-1/2"]
[Round "8"]
[TimeControl "180+2"]
[Date "2023.07.11"]
[WhiteClock "0:00:32"]
[BlackClock "0:00:14"]
[Board "81"]

1. Nf3 d5 2. b3 Nf6 3. Bb2 Bg4 4. Ne5 Bf5 5. e3 Nbd7 6. f4 e6 7. d3 h6 8. Nd2 Bb4 9. a3 Bd6 10. Ndf3 c5 11. Be2 O-O 12. O-O Ng4 13. Nxg4 Bxg4 14. h3 Bf5 15. Qe1 Be7 16. Ne5 Nxe5 17. Bxe5 Bf6 18. Qg3 Rc8 19. Rad1 b5 20. Bg4 Bxg4 21. Qxg4 Bxe5 22. fxe5 Qg5 23. Qxg5 hxg5 24. Rf2 f6 25. exf6 gxf6 26. e4 d4 27. Rdf1 Kg7 28. g4 c4 29. bxc4 bxc4 30. Rb1 cxd3 31. cxd3 Rc3 32. Rb7+ Rf7 33. Rxf7+ Kxf7 34. e5 Rxd3 35. Rxf6+ Ke7 36. Rg6 Rxh3 37. Rxg5 Rxa3 38. Rg7+ Kf8 39. Rd7 d3 40. Kf2 Ke8 41. Rb7 Ra4 42. Ke3 Rxg4 43. Rxa7 Rg3+ 44. Kd2 Rf3 45. Rb7 Rf5 46. Rb5 Rf3 47. Rb7 Rf5 48. Rb5 Rf3 49. Rb7 1/2-1/2


[Site "https://www.chess.com"]

[Event "Titled Tuesday Blitz July 11 Early 2023"]
[White "Gontcharov, Vladislav"]
[Black "Tanmay Jain"]
[WhiteFideId "4123492"]
[BlackFideId "45015481"]
[WhiteElo "2580"]
[BlackElo "2437"]
[Result "1-0"]
[Round "8"]
[TimeControl "180+2"]
[Date "2023.07.11"]
[WhiteClock "0:00:24"]
[BlackClock "0:00:18"]
[Board "82"]

1. d4 Nf6 2. c4 e6 3. Nc3 d5 4. Bg5 Be7 5. e3 O-O 6. Rc1 b6 7. cxd5 exd5 8. Bd3 Bb7 9. Nge2 c5 10. O-O Ne4 11. Bxe7 Qxe7 12. dxc5 Nxc5 13. Bb1 Rd8 14. Nd4 g6 15. Qf3 Qe5 16. Rfd1 Nc6 17. Ncb5 a6 18. Nxc6 Bxc6 19. Nd4 Bb7 20. Qg3 Qxg3 21. hxg3 Rac8 22. b3 Ne6 23. Nxe6 fxe6 24. f4 Kf7 25. Kf2 Ke7 26. Bd3 Kd6 27. Rxc8 Rxc8 28. Rh1 Rc7 29. g4 e5 30. Rd1 Ke6 31. g3 e4 32. Bb1 a5 33. Ke2 Ba6+ 34. Kd2 Kd6 35. Rh1 Ke6 36. Bc2 Rd7 37. g5 Bb7 38. Bd1 Kf5 39. Rh4 1-0


[Site "https://www.chess.com"]

[Event "Titled Tuesday Blitz July 11 Early 2023"]
[White "Romero Ruscalleda, Josep"]
[Black "ArtemDyachuk"]
[WhiteFideId "2231859"]
[WhiteElo "2420"]
[BlackElo "2578"]
[Result "0-1"]
[Round "8"]
[TimeControl "180+2"]
[Date "2023.07.11"]
[WhiteClock "0:00:09"]
[BlackClock "0:00:05"]
[Board "83"]

1. e4 c5 2. c3 d6 3. d4 cxd4 4. cxd4 g6 5. Nc3 Bg7 6. h3 Nf6 7. Nf3 O-O 8. Bg5 Nc6 9. Qd2 d5 10. exd5 Nxd5 11. Bc4 Nb6 12. Bd3 Nxd4 13. Nxd4 Qxd4 14. O-O Bf5 15. Bxf5 Qxd2 16. Bxd2 gxf5 17. Rfe1 e6 18. Bf4 Nc4 19. Na4 b5 20. Rac1 Rac8 21. b3 Na3 22. Bd6 bxa4 23. Bxa3 Rfd8 24. bxa4 Bh6 25. Rxc8 Rxc8 26. Rd1 Rc4 27. Rd8+ Kg7 28. Bb2+ f6 29. Rd7+ Kg6 30. Rxa7 Rc2 31. Bd4 e5 32. Bb6 Rxa2 33. a5 f4 34. a6 Rb2 35. Bd8 Bf8 36. Rb7 Ra2 37. Rb6 Bc5 38. Rxf6+ Kg7 39. Rc6 Bxf2+ 40. Kf1 Bd4 41. Bf6+ Kf7 42. Bh8 Rf2+ 43. Ke1 Rxg2 44. Rc7+ Kg6 45. a7 Ra2 46. Rg7+ Kf5 47. Rxh7 f3 48. Bxe5 f2+ 49. Kf1 Ra1+ 50. Ke2 f1=Q+ 51. Kd2 Qd1# 0-1


[Site "https://www.chess.com"]

[Event "Titled Tuesday Blitz July 11 Early 2023"]
[White "Streltsov, Alexey"]
[Black "Goswami, Vedant"]
[WhiteFideId "24104434"]
[BlackFideId "5003725"]
[WhiteElo "2576"]
[BlackElo "2401"]
[Result "0-1"]
[Round "8"]
[TimeControl "180+2"]
[Date "2023.07.11"]
[WhiteClock "0:00:25"]
[BlackClock "0:00:18"]
[Board "84"]

1. d4 Nf6 2. Bf4 Nh5 3. Bd2 g6 4. e4 Bg7 5. g4 Nf6 6. f3 c5 7. dxc5 O-O 8. Bc3 b6 9. cxb6 Qxb6 10. Qd4 Nc6 11. Qxb6 axb6 12. Bc4 Ba6 13. Nd2 b5 14. Bd5 b4 15. Bxf6 Bxf6 16. O-O-O Rfc8 17. f4 e6 18. Bxc6 Rxc6 19. e5 Be7 20. Ngf3 Be2 21. Nd4 Bxd1 22. Nxc6 dxc6 23. Rxd1 Rxa2 24. Nb3 c5 25. Rd7 c4 26. Rxe7 cxb3 27. cxb3 Ra1+ 28. Kd2 Rh1 29. Rb7 Rxh2+ 30. Ke3 Rh3+ 31. Ke4 Rxb3 32. f5 gxf5+ 33. gxf5 exf5+ 34. Kxf5 Rxb2 35. Kf6 Rf2+ 36. Ke7 Rf4 37. Rb8+ Kg7 38. Rf8 Rf5 39. e6 fxe6 40. Rb8 Rf4 41. Kxe6 Rc4 42. Kd5 Rg4 43. Ke5 h5 44. Kf5 Rc4 45. Rb7+ Kf8 46. Kf6 Ke8 47. Ke6 Kd8 48. Kd5 Rg4 49. Kd6 Kc8 50. Rc7+ Kb8 51. Rh7 b3 52. Kc6 Rb4 53. Rh8+ Ka7 54. Rxh5 b2 55. Rh7+ Ka6 56. Rh8 Rb6+ 57. Kc5 b1=Q 58. Ra8+ Kb7 59. Ra4 Qb5+ 0-1


[Site "https://www.chess.com"]

[Event "Titled Tuesday Blitz July 11 Early 2023"]
[White "Mejia, Cherry Ann"]
[Black "Rodchenkov, Sergey D."]
[WhiteFideId "5206880"]
[BlackFideId "4168712"]
[WhiteElo "2405"]
[BlackElo "2570"]
[Result "0-1"]
[Round "8"]
[TimeControl "180+2"]
[Date "2023.07.11"]
[WhiteClock "0:00:00"]
[BlackClock "0:00:04"]
[Board "85"]

1. e4 c5 2. Nc3 d6 3. g3 g6 4. Bg2 Bg7 5. d3 Nc6 6. Be3 Rb8 7. Qd2 b5 8. Nge2 Nd4 9. h3 b4 10. Nd1 a5 11. Nc1 e6 12. c3 Nc6 13. O-O Nge7 14. f4 O-O 15. Qf2 f5 16. e5 dxe5 17. Bxc5 exf4 18. gxf4 Re8 19. d4 Bb7 20. Ne3 Nc8 21. Nc4 N6e7 22. Bxb7 Rxb7 23. Qf3 Nd5 24. Nd3 Rb8 25. Nde5 Qc7 26. Rac1 bxc3 27. bxc3 Nf6 28. Qc6 Qf7 29. Rb1 Rxb1 30. Rxb1 Ne7 31. Qc7 Qf8 32. Rb7 Nfd5 33. Qd7 Bf6 34. Qxe6+ Kh8 35. Nf7+ Kg7 36. Nfe5 Kh6 37. Nd7 Qg8 38. Qxg8 Nxg8 39. Nxf6 Ngxf6 40. Ne5 Nxf4 41. Kh2 N4h5 42. h4 f4 43. Kh3 g5 44. Ng4+ Kg6 45. Ne5+ Kf5 46. Rf7 g4+ 47. Kg2 f3+ 48. Kf2 Kf4 49. Nd3+ Ke4 50. Ne5 Kf5 51. Nxg4 Kxg4 52. Be7 Rxe7 0-1


[Site "https://www.chess.com"]

[Event "Titled Tuesday Blitz July 11 Early 2023"]
[White "Goldin, Roman"]
[Black "Geivondian, Arman"]
[WhiteFideId "2803860"]
[BlackFideId "24102032"]
[WhiteElo "2398"]
[BlackElo "2568"]
[Result "0-1"]
[Round "8"]
[TimeControl "180+2"]
[Date "2023.07.11"]
[WhiteClock "0:00:00"]
[BlackClock "0:01:26"]
[Board "86"]

1. e4 c6 2. d4 d5 3. f3 dxe4 4. fxe4 e5 5. Nf3 Bg4 6. Bc4 Nd7 7. O-O Ngf6 8. c3 b5 9. Bb3 Bd6 10. h3 Bh5 11. Qe1 O-O 12. Bg5 Qb6 13. Kh1 Rfe8 14. dxe5 Bxe5 15. Nxe5 Rxe5 16. Bxf6 Nxf6 17. Qg3 Qc5 18. Rxf6 Rg5 19. Rf5 Qxf5 20. exf5 Rxg3 21. Nd2 Be2 22. Re1 Bc4 23. Nxc4 bxc4 24. Bxc4 h5 25. Re7 a5 26. Rxf7 Kh7 27. Kh2 h4 28. Rc7 Rf8 29. Rxc6 Rxf5 30. Be6 Rf2 31. Bd5 Rxb2 32. Ra6 Rxc3 33. Rxa5 Rc1 34. Be4+ Kh6 35. Ra6+ Kg5 36. Rg6+ Kf4 37. Rg4+ Ke3 38. Bd5 g5 39. Rxg5 Rbb1 40. g3 Rb2+ 41. Bg2 Rcc2 42. gxh4 Rxa2 43. h5 Ra7 44. h6 Rh7 45. Rg3+ Kf4 46. Rg6 Kf5 47. Rd6 Rc3 48. Ra6 Re7 49. Rb6 Kg5 50. Rb5+ Kxh6 51. Rf5 Re2 52. Rf4 Rcc2 53. Rg4 Kh5 54. Kh1 Red2 55. Kh2 Rc3 56. Kh1 Rcc2 57. Kh2 Rd6 58. Kh1 Rb2 59. Kh2 Rg6 60. Rxg6 Kxg6 61. Kg3 Rb3+ 62. Bf3 Kg5 63. h4+ Kh6 64. Kg4 Rb4+ 65. Kg3 Kg6 66. Kh3 Kf5 67. Kg3 Rb3 68. h5 Kg5 69. Kf2 Kf4 70. Be2 Rh3 71. Kg2 Rh4 72. Bd1 Kg5 73. Be2 Rd4 74. Kg3 Rd2 75. Kf2 Kf4 76. h6 Rd7 77. Bc4 Rh7 78. Ke2 Rxh6 79. Kd3 Rd6+ 80. Kc3 Ke3 81. Bf7 Rc6+ 82. Kb4 Kd4 83. Kb5 Rf6 84. Bg8 Rf8 85. Be6 Re8 86. Bf7 Re7 87. Bg8 Rg7 88. Be6 Ke5 89. Bc4 Rb7+ 90. Kc6 Rb4 91. Kc5 Rb8 92. Kc6 Rc8+ 93. Kb5 Kd4 94. Be6 Rc5+ 95. Kb6 Rh5 96. Bf7 Rf5 97. Bg8 Rf6+ 98. Kb5 Rf8 99. Be6 Rh8 100. Bf7 Rh7 101. Bg8 Rg7 102. Be6 Rg5+ 103. Kc6 Rg6 104. Kd6 Ke4 105. Ke7 Ke5 106. Bf7 Rg7 107. Kf8 Kf6 108. Bg8 Ra7 109. Bd5 Rd7 110. Bc6 Rd8+ 111. Be8 Rc8 0-1


[Site "https://www.chess.com"]

[Event "Titled Tuesday Blitz July 11 Early 2023"]
[White "Andreassen, Lars"]
[Black "Ganiev, Roman"]
[WhiteFideId "1504878"]
[BlackFideId "4131452"]
[WhiteElo "2348"]
[BlackElo "2567"]
[Result "0-1"]
[Round "8"]
[TimeControl "180+2"]
[Date "2023.07.11"]
[WhiteClock "0:00:00"]
[BlackClock "0:00:11"]
[Board "87"]

1. d4 Nf6 2. Nf3 e6 3. Bg5 d5 4. e3 Be7 5. c4 O-O 6. Nc3 h6 7. Bh4 Nbd7 8. Bd3 b6 9. O-O Bb7 10. cxd5 Nxd5 11. Bxe7 Qxe7 12. Rc1 c5 13. Re1 Rfd8 14. e4 Nxc3 15. bxc3 cxd4 16. cxd4 Nf6 17. Qe2 Rac8 18. h3 Qa3 19. Rxc8 Rxc8 20. Bb1 Ba6 21. Qe3 Qxe3 22. fxe3 Rc3 23. Kf2 Bd3 24. e5 Ne4+ 25. Kg1 Bxb1 26. Rxb1 Rxe3 27. Rb2 Ra3 28. Rc2 Nc3 29. Kh2 Nxa2 30. Rc8+ Kh7 31. Rc7 Nb4 32. Rxf7 Nd5 33. Rf8 b5 34. h4 g6 35. Re8 b4 36. Rxe6 b3 37. Re8 a5 38. e6 b2 39. Rb8 Ra2 40. Rb5 a4 41. Rxd5 b1=Q 42. e7 Re2 43. Re5 Rxe5 44. Nxe5 Qb8 0-1


[Site "https://www.chess.com"]

[Event "Titled Tuesday Blitz July 11 Early 2023"]
[White "Dinosaurio_1975"]
[Black "Rodriguez Santiago, Jaime"]
[BlackFideId "3100898"]
[WhiteElo "2565"]
[BlackElo "2378"]
[Result "1-0"]
[Round "8"]
[TimeControl "180+2"]
[Date "2023.07.11"]
[WhiteClock "0:01:32"]
[BlackClock "0:00:47"]
[Board "88"]

1. e4 c6 2. d4 d5 3. e5 Bf5 4. Bd3 Bxd3 5. Qxd3 e6 6. c3 c5 7. Ne2 Nc6 8. O-O Qb6 9. a3 cxd4 10. cxd4 Nge7 11. Nd2 Nf5 12. Nf3 Be7 13. g4 Nh4 14. Nxh4 Bxh4 15. f4 Be7 16. b4 a6 17. Be3 g6 18. f5 gxf5 19. gxf5 Rg8+ 20. Kh1 O-O-O 21. f6 Bf8 22. Qxh7 Rg4 23. Qxf7 Re4 24. Qxe6+ Kb8 25. Rf3 Qb5 26. Nc3 Qd3 27. Nxe4 Qxe4 28. Qf5 Nxd4 29. Qxe4 dxe4 30. Rh3 Nf3 31. e6 Bd6 32. e7 Rg8 33. f7 1-0


[Site "https://www.chess.com"]

[Event "Titled Tuesday Blitz July 11 Early 2023"]
[White "Karttunen, Mika"]
[Black "Tsyhanchuk, Stanislav"]
[WhiteFideId "502081"]
[BlackFideId "13505130"]
[WhiteElo "2565"]
[BlackElo "2295"]
[Result "0-1"]
[Round "8"]
[TimeControl "180+2"]
[Date "2023.07.11"]
[WhiteClock "0:00:02"]
[BlackClock "0:00:16"]
[Board "89"]

1. d4 Nf6 2. Bg5 Ne4 3. Bf4 c5 4. d5 d6 5. f3 Qa5+ 6. c3 Nf6 7. e4 Nbd7 8. Na3 a6 9. Nc4 Qc7 10. a4 Nh5 11. Be3 g6 12. g4 Nhf6 13. g5 Nh5 14. Ne2 Ne5 15. Ng3 Nxg3 16. hxg3 Nxc4 17. Bxc4 Bg7 18. Qe2 Bd7 19. a5 O-O-O 20. Qd2 e6 21. Kf2 exd5 22. Bxd5 Be6 23. b4 Bxd5 24. exd5 f6 25. bxc5 dxc5 26. c4 fxg5 27. Bxg5 Rde8 28. Rae1 Bd4+ 29. Kg2 h5 30. Rxe8+ Rxe8 31. Re1 Qd7 32. Rxe8+ Qxe8 33. Kf1 Qa4 34. Qe2 Qa1+ 35. Qe1 Qxe1+ 36. Kxe1 Be5 37. g4 Bc3+ 38. Ke2 Bxa5 39. gxh5 gxh5 40. f4 Bd8 41. Kf3 a5 42. Ke4 a4 43. Bh6 Bf6 44. Kf5 a3 45. Kxf6 a2 46. Ke7 a1=Q 47. Bg5 Qe1+ 48. Kf7 Kd7 49. Kg6 h4 50. f5 h3 51. f6 h2 52. f7 Qf1 53. Bf6 Qg2+ 54. Bg5 Qf3 55. Bf6 Qd3+ 56. Kg7 Qg3+ 57. Kf8 h1=Q 0-1


[Site "https://www.chess.com"]

[Event "Titled Tuesday Blitz July 11 Early 2023"]
[White "SicilianPanzer"]
[Black "Leon Oquendo, Jorge"]
[BlackFideId "3514803"]
[WhiteElo "2252"]
[BlackElo "2564"]
[Result "0-1"]
[Round "8"]
[TimeControl "180+2"]
[Date "2023.07.11"]
[WhiteClock "0:00:00"]
[BlackClock "0:00:43"]
[Board "90"]

1. e4 c5 2. Nf3 Nc6 3. Bb5 e6 4. O-O Nge7 5. Re1 a6 6. Bf1 Ng6 7. c3 Be7 8. d4 d5 9. exd5 Qxd5 10. c4 Qd6 11. d5 Nd4 12. Nxd4 cxd4 13. Qxd4 O-O 14. Be3 Bf6 15. Qd2 exd5 16. cxd5 Bf5 17. Nc3 Rfd8 18. Rad1 Rac8 19. Bd4 Be7 20. h3 b5 21. a3 h5 22. g3 h4 23. g4 Bd7 24. Bg2 f5 25. gxf5 Bxf5 26. Ne4 Qf4 27. Qxf4 Nxf4 28. Kh2 Nxg2 29. Kxg2 Rxd5 30. Nc3 Rd7 31. Bb6 Rxd1 32. Rxd1 Bf6 33. Rd6 Be5 34. Rd5 Bxc3 35. Rxf5 Bxb2 36. Rf3 Rc3 37. Rxc3 Bxc3 38. Bc5 Kf7 39. Kf1 Ke6 40. Ke2 Kd5 41. Bf8 g5 42. Kd3 Bf6 43. f3 a5 44. Bh6 Be7 45. Bg7 Bxa3 0-1


[Site "https://www.chess.com"]

[Event "Titled Tuesday Blitz July 11 Early 2023"]
[White "Ergazakis, Ioannis"]
[Black "Dau Khuong Duy"]
[WhiteFideId "4290976"]
[BlackFideId "12424722"]
[WhiteElo "2499"]
[BlackElo "2874"]
[Result "0-1"]
[Round "8"]
[TimeControl "180+2"]
[Date "2023.07.11"]
[WhiteClock "0:00:25"]
[BlackClock "0:01:05"]
[Board "91"]

1. e4 c5 2. Nf3 d6 3. d4 cxd4 4. Nxd4 Nf6 5. Nc3 a6 6. Be2 e6 7. g4 Nc6 8. g5 Nd7 9. Be3 Qc7 10. Qd2 b5 11. Nxc6 Qxc6 12. a3 Bb7 13. h4 Be7 14. h5 Nc5 15. f3 O-O-O 16. O-O-O Kb8 17. Kb1 Nd7 18. Bd4 Rhg8 19. f4 Nb6 20. f5 Nc4 21. Bxc4 Qxc4 22. Bxg7 Rxg7 23. f6 Bxf6 24. gxf6 Rg4 25. Qh2 e5 26. Qh3 Rf4 27. Rhg1 Bxe4 28. Rg7 Rf3 29. Qg4 Rxc3 30. bxc3 Qb3+ 31. Ka1 Qxa3+ 32. Kb1 Qb3+ 33. Ka1 Bxc2 0-1


[Site "https://www.chess.com"]

[Event "Titled Tuesday Blitz July 11 Early 2023"]
[White "Kev4444444444"]
[Black "Kvaloy, Aksel Bu"]
[BlackFideId "1528815"]
[WhiteElo "2231"]
[BlackElo "2659"]
[Result "0-1"]
[Round "8"]
[TimeControl "180+2"]
[Date "2023.07.11"]
[WhiteClock "0:00:11"]
[BlackClock "0:00:12"]
[Board "92"]

1. Nf3 Nf6 2. g3 e6 3. Bg2 d5 4. O-O Be7 5. b3 O-O 6. Bb2 c5 7. c4 Nc6 8. e3 d4 9. exd4 cxd4 10. Re1 a5 11. Ne5 Nxe5 12. Rxe5 Bd6 13. Rb5 e5 14. Bxb7 Bxb7 15. Rxb7 Qc8 16. Rb5 Qh3 17. Qf3 e4 18. Qg2 Qg4 19. Bxd4 a4 20. b4 Qe2 21. Nc3 Qxc4 22. Rb6 Qxd4 23. Rb5 Bxb4 24. Re1 Bxc3 25. dxc3 Qxc3 26. Reb1 e3 27. fxe3 Qxe3+ 28. Kh1 Ne4 29. R5b2 a3 30. Re2 Rab8 31. Rbe1 Qd3 32. Qxe4 Qxe4+ 33. Rxe4 Rb2 34. Ra4 Rxa2 35. Re3 Rb8 36. Rb4 Rc8 37. Rc4 Rd8 38. Rd4 Ra8 39. Ra4 Rc8 40. Rc4 Rf8 41. Ra4 h5 42. Raxa3 Rxa3 43. Rxa3 g5 44. Ra5 f6 45. Kg2 Kg7 46. Kf3 Kg6 47. Rb5 Ra8 48. Rc5 Ra3+ 49. Kg2 Ra2+ 50. Kg1 Kf7 51. Rc7+ Ke6 52. Rh7 Kf5 53. Rc7 Kg4 54. Rc6 f5 55. Rc4+ Kh3 56. Rc5 Ra1+ 57. Kf2 Ra2+ 58. Kg1 Rg2+ 59. Kf1 Kxh2 60. Rxf5 Rg1+ 61. Kf2 Rg2+ 62. Kf1 Rxg3 63. Rf2+ Kh3 64. Rf7 Ra3 65. Rh7 h4 66. Rc7 g4 67. Kg1 g3 68. Rc1 Ra2 69. Kh1 Ra4 70. Kg1 Kg4 71. Rc3 h3 72. Rc1 Rf4 73. Ra1 g2 74. Rb1 Rf1+ 75. Rxf1 Kg3 76. Rf3+ Kxf3 77. Kh2 Kf2 78. Kxh3 g1=Q 79. Kh4 Qg3+ 80. Kh5 Kf3 81. Kh6 Kf4 82. Kh7 Qg5 83. Kh8 Kf5 84. Kh7 Kf6 85. Kh8 Qg7# 0-1


[Site "https://www.chess.com"]

[Event "Titled Tuesday Blitz July 11 Early 2023"]
[White "Liyanage, Ranindu Dilshan"]
[Black "Pham, Le Thao Nguyen"]
[WhiteFideId "9915834"]
[BlackFideId "12401226"]
[WhiteElo "2640"]
[BlackElo "2532"]
[Result "1/2-1/2"]
[Round "8"]
[TimeControl "180+2"]
[Date "2023.07.11"]
[WhiteClock "0:00:07"]
[BlackClock "0:00:06"]
[Board "93"]

1. e4 c5 2. c3 Nf6 3. e5 Nd5 4. Nf3 e6 5. d4 cxd4 6. cxd4 Nc6 7. Bc4 d6 8. O-O Nb6 9. Bb5 Bd7 10. Qe2 a6 11. Bd3 Nb4 12. Nc3 Nxd3 13. Qxd3 d5 14. a4 Be7 15. b3 O-O 16. Ne2 Rc8 17. Bd2 Na8 18. Ng3 h6 19. Nh5 Be8 20. Qe3 f5 21. Nxg7 f4 22. Qe2 Kxg7 23. Ne1 h5 24. g3 Bg5 25. Nf3 Bh6 26. Nh4 Qe7 27. Kh1 f3 28. Bxh6+ Kxh6 29. Nxf3 Bg6 30. Qd2+ Kg7 31. Nh4 Nb6 32. Rac1 Nd7 33. f3 Kh7 34. Ng2 Rxc1 35. Rxc1 Rxf3 36. Nf4 Nf8 37. Qe2 Rxf4 38. gxf4 Qh4 39. Qe3 Be4+ 40. Kg1 Ng6 41. Qg3 Qxf4 42. Qxf4 Nxf4 43. Rc7+ Kg6 44. Rxb7 Ne2+ 45. Kf2 Nxd4 46. b4 Kf5 47. b5 axb5 48. axb5 Nb3 49. b6 d4 50. Rc7 Na5 51. Rc5 Nb7 52. Rb5 Kf4 53. Ke2 h4 54. Rb4 Kxe5 55. Rb5+ Kf4 56. Rh5 e5 57. Rxh4+ Kf5 58. Rh7 Kf4 59. Rf7+ Kg4 60. Re7 Bf3+ 61. Kd3 Kf4 62. Rf7+ Kg4 63. h3+ Kg3 64. h4 Bd5 65. Rd7 Bc6 66. Rc7 Bf3 67. h5 Nd6 68. h6 Be4+ 69. Kd2 Kf2 70. Rd7 Nc4+ 71. Kc1 Nxb6 72. Re7 Nc4 73. h7 Bxh7 74. Rxh7 Ke3 75. Rh3+ Ke4 76. Kc2 Ne3+ 77. Kd2 Kd5 78. Rh8 Nc4+ 79. Ke2 e4 80. Rd8+ Nd6 81. Kd2 Ke5 82. Ke2 d3+ 83. Kd2 Nc4+ 84. Kc3 Ne3 85. Re8+ Kf4 86. Rf8+ Nf5 87. Kd2 Ke5 88. Re8+ Kf4 89. Rf8 Kg4 90. Rg8+ Kf4 91. Rf8 1/2-1/2


[Site "https://www.chess.com"]